 Dungeon Crawl Stone Soup version 0.29.1-12-g30fa7ad0bf (webtiles) character file.

Game seed: 11595225725786508912

385 Unglued128 the Gusty (level 6, -1/46 HPs)
             Began as a Draconian Air Elementalist on Dec 26, 2022.
             Slain by an orc priest
             ... wielding a +0 whip
              (4 damage)
             ... on level 6 of the Dungeon.
             The game lasted 00:37:41 (7071 turns).

Unglued128 the Gusty (Draconian Air Elementalist)   Turns: 7071, Time: 00:37:42

Health: -1/46      AC:  9    Str: 11    XL:     6   Next: 48%
Magic:  19/21      EV: 12    Int: 17    God:
Gold:   270        SH:  0    Dex: 11    Spells: 12/13 levels left

rFire   x . .      SeeInvis .   (no weapon)
rCold   + . .      Faith    .   (no shield)
rNeg    . . .      Spirit   .   (body armour unavailable)
rPois   .          Reflect  .   (helmet restricted)
rElec   .          Harm     .   (no cloak)
rCorr   .          Rampage  .   c - +2 pair of gloves
Will    .....                   (no boots)
Stlth   ++........              r - amulet of the acrobat
HPRegen 0.15/turn               d - ring of ice
MPRegen 0.17/turn               l - ring of magical power

@: no status effects
A: AC +6, unfitting armour, cold-blooded
a: no special abilities


You were on level 6 of the Dungeon.
You visited 1 branch of the dungeon, and saw 6 of its levels.

You collected 270 gold pieces.

Inventory:

Hand Weapons
 g - a +0 dagger
Armour
 c - a +2 pair of gloves (worn)
Jewellery
 d - a ring of ice (left hand)
 l - a ring of magical power (right hand)
 r - an amulet of the acrobat (around neck)
Wands
 j - a wand of polymorph (8)
 k - a wand of flame (26)
Scrolls
 h - a scroll of amnesia
Potions
 a - a potion of magic
 b - 4 potions of curing
 e - a potion of degeneration {unknown}
 f - a potion of mutation {unknown}
 i - a potion of might {unknown}
 m - a potion of invisibility {unknown}
 n - 3 potions of ambrosia
 o - a potion of heal wounds {unknown}
 p - a potion of haste {unknown}


   Skills:
 + Level 0.3 Fighting
 + Level 2.2 Dodging
 + Level 2.7 Stealth
 + Level 0.6 Unarmed Combat
 + Level 4.0 Spellcasting
 + Level 2.5 Conjurations
 + Level 4.8 Air Magic


You had 12 spell levels left.
You knew the following spells:

 Your Spells              Type           Power      Damage    Failure   Level
a - Shock                 Conj/Air       60%        1d6       3%          1

Your spell library contained the following spells:

 Spells                   Type           Power      Damage    Failure   Level
 Static Discharge         Conj/Air       15%        3-5/arc   5%          2
 Swiftness                Air            19%        N/A       7%          3
 Airstrike                Air            9%         2d(2-18)  22%         4
 Ozocubu's Armour         Ice            5%         N/A       43%         3
 Summon Lightning Spire   Summ/Air       11%        N/A       50%         4
 Lightning Bolt           Conj/Air       7%         1d20      67%         5
 Ozocubu's Refrigeration  Ice            2%         4d8       100%        7


Dungeon Overview and Level Annotations

Branches:
Dungeon (6/15)             Temple (0/1) D:6

Altars:

Annotations:
D:5 Menkaure, Sigmund


Innate Abilities, Weirdness & Mutations

Your plain brown scales are hard. (AC +6)
You cannot fit into any form of body armour.
You are cold-blooded and may be slowed by cold attacks.


Message History

The adder bites you but does no damage. The centaur misses you.
The centaur kicks you but does no damage.
The orc hits you but does no damage.
As you read the scroll of teleportation, it crumbles to dust.
You feel strangely unstable. The adder bites you but does no damage.
The centaur closely misses you. The centaur barely misses you.
The adder closely misses you. The orc hits you but does no damage.
The orc wizard mumbles some strange words.
The orc wizard flickers and vanishes!
Deactivating autopickup; reactivate with Ctrl-A.
Casting: Shock (safe; 3% risk of failure)
Confirm with . or Enter, or press ? or * to list all spells.
Aiming: Shock (safe; 3% risk of failure)
Press: ? - help, Shift-Dir - straight line The zap hits the orc.
The orc is severely wounded.
The centaur hits you. The centaur closely misses you.
The adder barely misses you.
The centaur hits you but does no damage.
The centaur kicks you but does no damage.
The orc closely misses you.
An orc priest comes into view. It is wielding a +0 hand axe.
Casting: Shock (safe; 3% risk of failure)
Confirm with . or Enter, or press ? or * to list all spells.
Aiming: Shock (safe; 3% risk of failure)
Press: ? - help, Shift-Dir - straight line The zap hits the orc.
You kill the orc!
The adder bites you but does no damage. The centaur misses you.
The centaur kicks you but does no damage.
The ogre hits you with a +0 giant spiked club!
* * * LOW HITPOINT WARNING * * *
You hear a shout!
You barely miss the orc priest.
Your surroundings suddenly seem different.
An orc priest comes into view. It is wielding a +0 whip.
Found a staircase to the Ecumenical Temple.
There is a staircase to the Ecumenical Temple here.
The orc priest hits you with a +0 whip.
You die...

##.# ###..# ##
###....# . #
#....##...#
...#
#...#..###..#.
#..#..#...#..
#..#.#.###.#
#.#.#.#...#
#.#.#.#.@.#
#O#.#.#o..#
#[o#.#.###.#
#....lcS)#..#
#..
.......o..#.
.#.
....<..#...# .
..
.......##....
. # .......
#..... ##
....... ######


You could see an orc priest.

Vanquished Creatures
  A sky beast (D:4)
  3 orc priests
  An iguana (D:5)
  4 gnolls
  4 adders
  A worm (D:2)
  6 dart slugs
  15 orcs
  7 ball pythons
  2 bats
  5 endoplasms
  4 giant cockroaches
  5 goblins
  7 hobgoblins
  6 kobolds
  4 quokkas
  2 frilled lizards
  2 rats
79 creatures vanquished.

Notes
Turn   | Place    | Note
-------+----------+-------------------------------------------
     0 | D:1      | Unglued128 the Draconian Air Elementalist began the quest
                  | for the Orb.
     0 | D:1      | Reached XP level 1. HP: 14/14 MP: 3/3
   392 | D:1      | Reached XP level 2. HP: 20/20 MP: 3/5
  1044 | D:1      | Reached XP level 3. HP: 26/26 MP: 4/6
  1809 | D:2      | Found a faded altar of an unknown god.
  2470 | D:2      | Reached XP level 4. HP: 33/33 MP: 1/7
  4061 | D:4      | Reached XP level 5. HP: 38/38 MP: 3/9
  4261 | D:4      | Noticed a sky beast
  5130 | D:4      | Identified the +1 leather armour of Plasticity {Fly}
  5605 | D:5      | Entered Level 5 of the Dungeon
  5653 | D:5      | Noticed Sigmund
  5707 | D:5      | Noticed an ogre
  5725 | D:5      | Noticed an ogre
  5897 | D:4      | HP: 1/38 [sky beast (6)]
  5916 | D:4      | Killed a sky beast
  5917 | D:4      | Reached XP level 6. HP: 27/45 MP: 11/11
  6791 | D:5      | Noticed Menkaure
  7068 | D:6      | Found a staircase to the Ecumenical Temple.
  7071 | D:6      | Slain by an orc priest

Illustrated notes

Levels and vault maps discovered:
D:1:      evilmike_arrival_rings, layout_loops_corners, minmay_misc_feat_cross,
          minmay_misc_feat_five
D:2:      layout_basic, shapermc_ecumenical_altar_venn
D:3:      layout_loops_ring
D:4:      layout_layer_cave, minmay_misc_feat_rows, kennysheep_diamond
D:5:      layout_rooms, uniq_sigmund, uniq_menkaure
D:6:      layout_basic, amethyst_overflow_temple_binary,
          minmay_temple_entry_steel_oval

Skill      XL: |  1  2  3  4  5  6 |
---------------+-------------------+-----
Stealth        | 2 |  2.7
Air Magic      | 4 |  4.8
Spellcasting   | 3 4 |  4.0
Conjurations   | 2 |  2.5
Dodging        | 2 |  2.2
Fighting       | |  0.3
Unarmed Combat | |  0.6

Action                   |  1- 3 |  4- 6 || total
-------------------------+-------+-------++-------
Melee: Unarmed           |     5 |    55 ||    60
       Tailslap          |     3 |     9 ||    12
       Punch             |       |     1 ||     1
 Cast: Shock             |    82 |   123 ||   205
  Use: Scroll            |     2 |    10 ||    12
       Potion            |       |     3 ||     3
 Stab: Distracted        |       |     1 ||     1
Armor: Skin              |     1 |    54 ||    55
Dodge: Dodged            |    11 |    87 ||    98
